 Dungeon Crawl Stone Soup version 0.29-a0-393-g47a863cc1b (webtiles) character file.

Game seed: 7878994818097648395

96 happo123 the Ruffian (level 4, 44/44 HPs)
             Began as a Troll Berserker on May 9, 2022.
             Was a Believer of Trog.
             Quit the game on level 3 of the Dungeon.
             The game lasted 00:07:25 (2279 turns).

happo123 the Ruffian (Troll Berserker)              Turns: 2279, Time: 00:07:26

Health: 44/44      AC:  5    Str: 27    XL:     4   Next: 41%
Magic:  3/3        EV: 10    Int:  3    God:    Trog [**....]
Gold:   172        SH:  0    Dex:  9    Spells: 3/3 levels left

rFire   . . .      SeeInvis .     - Unarmed
rCold   . . .      Faith    .   (no shield)
rNeg    . . .      Spirit   .   a - +0 animal skin
rPois   .          Reflect  .   (helmet restricted)
rElec   .          Harm     .   i - +0 cloak
rCorr   .          Rampage  .   (gloves unavailable)
Will    .....                   (boots unavailable)
Stlth   +.........              (no amulet)
HPRegen 0.94/turn               (no ring)
MPRegen 0.08/turn               (no ring)

@: no status effects
A: large, unfitting armour, claws 3, regeneration 1, shaggy fur 1, tough skin 1
a: Renounce Religion, Berserk, Trog's Hand


You were on level 3 of the Dungeon.
You worshipped Trog.
Trog was pleased with you.
You visited 1 branch of the dungeon, and saw 3 of its levels.

You collected 172 gold pieces.

Inventory:

Hand Weapons
 u - a +0 hand crossbow
Armour
 a - a +0 animal skin (worn)
 i - a +0 cloak (worn)
Jewellery
 q - the ring of Ru's Generosity {Fly Str+5}
   (You took it off a gnoll on level 3 of the Dungeon)

   [ring of flight]

   Str:       It affects your strength (+5).
   Fly:       It grants you flight.
Scrolls
 c - 3 scrolls of identify {unknown}
 d - a scroll of vulnerability {unknown}
 e - 5 scrolls of teleportation {unknown}
 h - a scroll of noise {unknown}
 k - a scroll of blinking {unknown}
 m - 4 scrolls of fear {unknown}
 o - a scroll of immolation {unknown}
 p - a scroll of magic mapping {unknown}
 r - a scroll of amnesia {unknown}
 v - a scroll of poison {unknown}
 w - a scroll of fog {unknown}
Potions
 b - 3 potions of attraction {unknown}
 f - 2 potions of haste {unknown}
 g - 2 potions of flight {unknown}
 j - 3 potions of curing {unknown}
 l - 2 potions of degeneration {unknown}
 n - a potion of might {unknown}
 s - a potion of ambrosia {unknown}
 t - a potion of resistance {unknown}
 x - a potion of heal wounds {unknown}


   Skills:
 + Level 2.9 Fighting
 + Level 3.1 Dodging
 + Level 0.2 Stealth
 + Level 4.1 Unarmed Combat


You had 3 spell levels left.
You didn't know any spells.
Your spell library was empty.

Dungeon Overview and Level Annotations

Branches:
Dungeon (3/15)

Altars:

Shops:
D:1 *


Innate Abilities, Weirdness & Mutations

You are too large for most types of armour.
You have claws for hands.
Your natural rate of healing is unusually fast.
You are covered in fur. (AC +1)
You have tough skin. (AC +1)


Message History

The bat completely misses you.
You barely miss the hobgoblin. The bat hits you but does no damage.
You scratch the hobgoblin.
The hobgoblin is almost dead.
The bat barely misses you. x2; The hobgoblin misses you.
You barely miss the hobgoblin.
The hobgoblin is almost dead.
The bat hits you. The hobgoblin misses you.
You scratch the hobgoblin.
You kill the hobgoblin!
Trog accepts your kill. The bat hits you but does no damage.
You closely miss the bat. The bat misses you. The bat barely misses you.
You see here a hobgoblin corpse.
The bat barely misses you. The bat hits you but does no damage.
The bat closely misses you.
You barely miss the bat. The bat completely misses you.
The bat hits you but does no damage.
You closely miss the bat. You claw the bat.
You kill the bat!
Trog accepts your kill.
x - a brown potion
Found an escape hatch in the floor.
There is a stone staircase leading down here.
You see here a book of Necromancy.
Found a stone staircase leading up.
Found a stone staircase leading down.
You now have 172 gold pieces (gained 13).
e - 5 scrolls labelled VYUB SECOTYEWOWE (gained 3)
Found an escape hatch in the ceiling.
Found a hunting sling.
You see here a +0 hunting sling.
There is an escape hatch in the ceiling here.
There is a stone staircase leading up here.
There is an open door here.
Done exploring.
There is an open door here.
Are you sure you want to abandon this character and quit the game? (Confirm with "yes".)

#...............##.##.##..#.
#......###......##.##..#..#.
#......# #......##.###....#.
#......# #......##.###....#.
#......# #................#.
######## #....####.########.
#....#.............
#....#.....########
#.@..#.....# #....#.....#
#####....#.....#
#........#.....#
#.......÷#.....########
#................##....
#......#########.##.###
#....÷.#.......#.##.#.#
#......#.......#.##.#.#


There were no monsters in sight!

Vanquished Creatures
  3 gnolls (D:3)
  An adder (D:2)
  A worm (D:2)
  2 dart slugs (D:2)
  3 orcs (D:3)
  8 ball pythons
  5 bats
  3 endoplasms (D:1)
  3 giant cockroaches
  2 goblins
  6 hobgoblins
  2 quokkas
  2 frilled lizards (D:1)
  3 kobolds (D:2)
  4 rats
48 creatures vanquished.

Notes
Turn   | Place    | Note
-------+----------+-------------------------------------------
     0 | D:1      | happo123 the Troll Berserker began the quest for the Orb.
     0 | D:1      | Reached XP level 1. HP: 22/22 MP: 0/0
    79 | D:1      | Reached XP level 2. HP: 29/29 MP: 1/1
   284 | D:1      | Found Rynan's Assorted Antiques.
   844 | D:2      | Reached XP level 3. HP: 35/36 MP: 2/2
   922 | D:2      | Reached ** piety under Trog
  1440 | D:3      | Identified the ring of Ru's Generosity {Fly Str+5}
  1447 | D:3      | Reached XP level 4. HP: 5/44 MP: 3/3
  1449 | D:3      | Reached skill level 4 in Unarmed Combat
  1913 | D:3      | Found a faded altar of an unknown god.
  2279 | D:3      | Quit the game

Illustrated notes

Levels and vault maps discovered:
D:1:      dpeg_arrival_pond, layout_basic, serial_shops, shop,
          minmay_misc_feat_enclosed
D:2:      minmay_inner_zag, layout_basic,
          nicolae_concentric_dashed_squares_mild, nrook_mini_backslash
D:3:      mumra_celtic_spiral_tile, layout_basic,
          hellmonk_ecumenical_altar_inner_sanctum

Skill      XL: |  1  2  3  4 |
---------------+-------------+-----
Dodging        | 3 |  3.1
Unarmed Combat | 4 |  4.1
Fighting       | |  2.9
Stealth        | |  0.2

Action                   |  1- 3 |  4- 6 || total
-------------------------+-------+-------++-------
Melee: Unarmed           |    78 |    16 ||    94
       Punch             |     1 |     1 ||     2
Invok: Berserk           |       |     1 ||     1
 Stab: Sleeping          |     3 |       ||     3
Armor: Animal skin       |    22 |     7 ||    29
Dodge: Dodged            |    47 |    16 ||    63

Table legend: (Time is in decaauts)
 A = Elapsed time spent in this place.
 B = Non-inter-level travel time spent in this place.
 C = Inter-level travel time spent in this place.
 D = Time resting spent in this place.
 E = Time spent auto-exploring this place.
 F = Levels seen in this place.
 G = Mean time per level.
                   A        B        C        D        E       F      G
               +--------+--------+--------+--------+--------+-----+--------+
         Total |   2276 |   1997 |    279 |      0 |   1706 |   3 |  758.7 |
       Dungeon |   2276 |   1997 |    279 |      0 |   1706 |   3 |  758.7 |
               +--------+--------+--------+--------+--------+-----+--------+

Top non-repeatable levels by time:
     D:3: 910 daAuts
     D:2: 754 daAuts
     D:1: 611 daAuts
